 Dungeon Crawl Stone Soup version 0.24.0-123-gd5b16e6ec5 (webtiles) character file.

Game seed: 9944233467195075104, levelgen mode: deterministic

11868 Amplified the Cleaver (level 11, -7/108 HPs)
             Began as a Deep Dwarf Gladiator on Jan 8, 2020.
             Was an Elder of Makhleb.
             Mangled by an ice devil (20 damage)
             ... on level 2 of the Lair of Beasts.
             The game lasted 00:18:42 (9888 turns).

Amplified the Cleaver (Deep Dwarf Gladiator)        Turns: 9888, Time: 00:18:43

Health: -7/108     AC: 14    Str: 25    XL:     11   Next: 55%
Magic:  13/13      EV: 16    Int: 11    God:    Makhleb [****..]
Gold:   297        SH:  0    Dex: 14    Spells: 10/10 levels left

rFire    + . .     SeeInvis .   i - +4 war axe (freeze)
rCold    . . .     Gourm    .   (no shield)
rNeg     . . .     Faith    .   e - +0 ring mail of the Tired Wishes {Int+2 Slay+2} (curse)
rPois    .         Spirit   .   c - +2 helmet
rElec    +         Reflect  .   (no cloak)
rCorr    .         Harm     .   m - +2 pair of gloves
MR       +....                  q - +0 pair of boots
Stlth    +.........             d - amulet "Vihibimi" {Acrobat rElec}
HPRegen  0.00/turn              r - ring of protection from fire
MPRegen  0.13/turn              w - +4 ring of strength

@: non-regenerating
A: damage resistance, heal wounds, sense surroundings 2, no regeneration
a: Heal Wounds, Minor Destruction, Lesser Servant of Makhleb, Major Destruction,
Renounce Religion


You were on level 2 of the Lair of Beasts.
You worshipped Makhleb.
Makhleb was greatly pleased with you.
You were not hungry.

You visited 3 branches of the dungeon, and saw 15 of its levels.

You collected 824 gold pieces.
You spent 527 gold pieces at shops.

Inventory:

Hand Weapons
 i - a +4 war axe of freezing (weapon)
 A - a +0 hand axe of chopping
Missiles
 g - 2 silver javelins (quivered)
 x - 75 poisoned darts
Armour
 c - a +2 helmet (worn)
 e - the cursed +0 ring mail of the Tired Wishes (worn) {Int+2 Slay+2}
   (You found it on level 3 of the Dungeon)

   It affects your intelligence (+2).
   It affects your accuracy and damage with ranged weapons and melee attacks
   (+2).
   It has a curse placed upon it.
 m - a +2 pair of gloves (worn)
 n - a +0 shield
 q - a +0 pair of boots (worn)
 t - a cursed +0 helmet
Jewellery
 d - the amulet "Vihibimi" (around neck) {Acrobat rElec}
   (You found it on level 6 of the Dungeon)

   [amulet of the acrobat]

   It helps you evade while moving and waiting.
   It insulates you from electricity.
 h - an uncursed amulet of guardian spirit
 j - an uncursed ring of resist corrosion
 r - a ring of protection from fire (left hand)
 w - a +4 ring of strength (right hand)
 C - an uncursed ring of see invisible
 G - an uncursed ring of wizardry
 H - an uncursed ring of protection from magic
 I - an uncursed ring of flight
Wands
 o - a wand of digging (3)
 s - a wand of polymorph (19)
 y - a wand of flame (14)
Scrolls
 k - 2 scrolls of immolation
 l - 5 scrolls of remove curse
 p - 4 scrolls of teleportation
 u - a scroll of fog
 D - a scroll of amnesia
Potions
 b - a potion of curing
 v - a potion of cancellation
 z - 2 potions of brilliance
 E - 2 potions of mutation
 F - a potion of might
Comestibles
 f - 24 rations
 J - 14 chunks of flesh


   Skills:
 * Level 9.8 Fighting
 * Level 11.9 Axes
 - Level 3.9 Throwing
 - Level 6.2 Armour
 - Level 8.3 Dodging
 * Level 4.2 Invocations
 * Level 4.2 Evocations


You had 10 spell levels left.
You didn't know any spells.
Your spell library contained the following spells:

 Spells                   Type           Power        Failure   Level  Hunger
 Corona                   Hex            #......      45%         1    ##.....
 Ensorcelled Hibernation  Hex/Ice        #.....       61%         2    ###....
 Confuse                  Hex            #.......     83%         3    ####...
 Dazzling Spray           Conj/Hex       #.....       83%         3    ####...
 Tukima's Dance           Hex            #.......     83%         3    ####...


Dungeon Overview and Level Annotations

Branches:
Dungeon (12/15)            Temple (1/1) D:4            Lair (2/6) D:10
  Snake (0/4) Lair:2          Orc (0/2) D:12
  Swamp: Lair:2-4    Shoals: Lair:2-4

Altars:
Ashenzari
Cheibriados
Dithmenos
Elyvilon
Fedhas
Gozag
Hepliaklqana
Kikubaaqudgha
Makhleb
Nemelex Xobeh
Okawaru
Qazlal
Ru
Sif Muna
Trog
Uskayaw
Vehumet
Wu Jian
Xom
Yredelemnul
Zin
The Shining One

Shops:
D:10 (   D:11 =!:*

Portals:
Ice
Cave: Lair:2

Annotations:
D:11 Rupert


Innate Abilities, Weirdness & Mutations

You are resistant to damage.
You can heal yourself by infusing magical energy.
You passively map the area around you.
You do not regenerate.


Message History

The ice devil hits you!
* * * LOW HITPOINT WARNING * * *
The ice devil freezes you!!
* * * LOW HITPOINT WARNING * * *
The ice devil completely misses you.
Unknown command.
Unknown command.
You feel better. The ice devil completely misses you.
You feel much better. The ice devil hits you! The ice devil freezes you!!
* * * LOW HITPOINT WARNING * * *
Evoke which item? (* to show all) (? for menu, Esc to quit)
Aiming: Throw Flame
Press: ? - help, Shift-Dir - straight line, f/p - ice devil
Aim: an ice devil (moderately wounded)
The puff of flame hits the ice devil.
The ice devil is burned terribly!
The ice devil is moderately wounded.
The ice devil hits you!
* * * LOW HITPOINT WARNING * * *
The ice devil freezes you!!
You die...

****** *...,,* *******
*****,,*,*****...,,*****,**,,****
,,,,,,,,,,,,**,..,,**,,,,,,,,,,,,
*,,,,****,,,***#4******,**,,,,,,,
****** **,,,* ##.## ****,,,,***
*,,,,* #..(# *,,,,** **,,**
#+#(### **,,,,* **,** #.4...#
*,,,** *,,* #.@.#.# *,,,* **,**
##P.### *,,,** *** *,,* ##.#
****,,,,** ,,*******,,*
##.######P,,,,,,,, ,,,,,,,,,,**
#.........,,,,,,*,
,,>,,,*,,,***###P........,,,,,***
,,,,,*,,,,,,*#<..........,,,,**
*,,,**,,,,,,,##..........,,,,*
,,,,*,,**,,,,,#.###....##,,,,*


You could see an ice devil.

Vanquished Creatures
  Erolcha (D:11)
  A two-headed ogre (D:9)
  Pikel (D:7)
  An ugly thing (D:11)
  Psyche (D:9)
  A centaur skeleton (D:11)
  A komodo dragon (Lair:1)
  A troll (D:9)
  A hornet (D:10)
  A hippogriff (D:11)
  A spriggan (D:7)
  9 yaks
  A wyvern (D:8)
  A basilisk (D:9)
  A steam dragon (D:9)
  A water moccasin (Lair:1)
  5 orc warriors
  5 sky beasts
  4 phantoms
  2 ice beasts
  A necrophage (D:9)
  4 ogres
  A centaur (D:6)
  2 crocodiles
  A big kobold (D:11)
  10 bullfrogs
  A gnoll sergeant (D:8)
  8 scorpions
  17 killer bees
  6 wights (D:9)
  7 howler monkeys
  3 crimson imps
  8 hounds
  A bullfrog skeleton (D:4)
  7 orc priests
  4 jellies
  An iron imp (D:9)
  3 iguanas
  6 orc wizards
  9 worker ants
  A hound zombie (D:6)
  A hound skeleton (D:3)
  3 gnolls (D:8)
  13 adders
  3 shadow imps
  2 oozes
  An adder zombie (D:5)
  A worm (D:2)
  7 leopard geckos
  40 orcs
  7 giant cockroaches
  6 goblins
  9 hobgoblins
  15 jackals
  8 kobolds
  5 quokkas
  2 ball pythons
  9 bats
  7 frilled lizards
  A goblin skeleton (D:9)
  4 hobgoblin zombies (D:9)
  2 kobold skeletons (D:9)
  A kobold zombie (D:9)
  An orc skeleton (D:9)
  A quokka zombie (D:8)
  9 rats
  A fungus (Lair:1)
300 creatures vanquished.

Vanquished Creatures (collateral kills)
  A troll (D:10)
1 creature vanquished.

Vanquished Creatures (others)
  5 dream sheep (Lair:1)
  A bullfrog skeleton (D:7)
  An orc (D:9)
  A giant cockroach (D:4)
  A jackal (D:9)
  A withered plant (D:9)
10 creatures vanquished.

Grand Total: 311 creatures vanquished

Notes
Turn   | Place    | Note
-------+----------+-------------------------------------------
     0 | D:1      | Amplified the Deep Dwarf Gladiator began the quest for the
                  | Orb.
     0 | D:1      | Reached XP level 1. HP: 19/19 MP: 1/1
    81 | D:1      | Reached XP level 2. HP: 23/26 MP: 2/2
   400 | D:1      | Reached XP level 3. HP: 20/33 MP: 3/3
   795 | D:3      | Reached skill level 4 in Axes
   813 | D:3      | Found an iron altar of Okawaru.
   874 | D:3      | Reached XP level 4. HP: 34/40 MP: 0/4
   888 | D:3      | Found a transporter.
   892 | D:3      | Found a shimmering blue altar of Sif Muna.
   892 | D:3      | Found a transporter.
  1051 | D:3      | Noticed an ice beast
  1081 | D:3      | Killed an ice beast
  1081 | D:3      | Reached XP level 5. HP: 49/49 MP: 0/5
  1334 | D:4      | Reached skill level 5 in Axes
  1343 | D:4      | Reached XP level 6. HP: 56/56 MP: 6/6
  1370 | D:4      | Found a staircase to the Ecumenical Temple.
  1377 | Temple   | Entered the Ecumenical Temple
  1980 | D:5      | Entered Level 5 of the Dungeon
  2011 | D:5      | Reached XP level 7. HP: 48/64 MP: 4/7
  2036 | D:5      | Reached skill level 6 in Axes
  2112 | D:5      | Found a burning altar of Makhleb.
  2122 | D:5      | Became a worshipper of Makhleb the Destroyer
  2319 | D:5      | Found a blossoming altar of Fedhas.
  2370 | D:5      | Reached skill level 5 in Dodging
  2627 | D:5      | Found a sparkling altar of Nemelex Xobeh.
  2945 | D:2      | Found a stormy altar of Qazlal.
  3445 | D:6      | Reached skill level 5 in Fighting
  3469 | D:6      | Reached XP level 8. HP: 21/74 MP: 2/8
  3558 | D:6      | Reached skill level 7 in Axes
  3685 | D:6      | Found a bloodstained altar of Trog.
  3806 | D:6      | Reached * piety under Makhleb
  3806 | D:6      | Reached skill level 1 in Armour
  4062 | D:6      | Got an ancient ruby amulet
  4108 | D:6      | Reached skill level 8 in Axes
  4301 | D:6      | Found a glowing silver altar of Zin.
  4373 | D:6      | Identified the amulet "Vihibimi" {Acrobat rElec} (You found
                  | it on level 6 of the Dungeon)
  4390 | D:7      | Noticed Pikel
  4743 | D:7      | Killed Pikel
  4743 | D:7      | Gained mutation: You passively map the area around you.
                  | [Deep Dwarf growth]
  4743 | D:7      | Reached XP level 9. HP: 58/85 MP: 8/8
  5120 | D:8      | Reached skill level 9 in Axes
  5120 | D:8      | Reached ** piety under Makhleb
  5157 | D:7      | HP: 3/86 [bullfrog (3)]
  5158 | D:7      | HP: 1/86 [bullfrog (2)]
  5802 | D:3      | Got an encrusted ring mail
  5815 | D:3      | Identified the cursed +0 ring mail of the Tired Wishes
                  | {Int+2 Slay+2} (You found it on level 3 of the Dungeon)
  5997 | D:8      | Noticed a brown ugly thing
  6383 | D:9      | Found a glowing golden altar of the Shining One.
  6383 | D:9      | Noticed Prince Ribbit
  6391 | D:9      | Noticed Prince Ribbit
  6391 | D:9      | Prince Ribbit changed into Prince Ribbit the basilisk
  6405 | D:9      | Killed Prince Ribbit the basilisk
  6405 | D:9      | Reached XP level 10. HP: 54/96 MP: 9/9
  6462 | D:10     | Entered Level 10 of the Dungeon
  6494 | D:10     | Reached *** piety under Makhleb
  6494 | D:10     | Reached skill level 10 in Axes
  6622 | D:10     | Found Tuoc's Weapon Shop.
  7139 | D:10     | Found a staircase to the Lair.
  7188 | D:10     | Reached skill level 5 in Armour
  7485 | D:10     | Paralysed by a hornet for 3 turns
  7563 | D:9      | Noticed Psyche
  7575 | D:9      | Killed Psyche
  7619 | D:9      | Found an opulent altar of Gozag.
  7712 | D:9      | Noticed a two-headed ogre
  7719 | D:9      | Killed a two-headed ogre
  7719 | D:9      | Reached skill level 11 in Axes
  7728 | D:9      | Found a basalt altar of Yredelemnul.
  7831 | D:9      | Reached **** piety under Makhleb
  7905 | D:11     | Found Hidgh's Distillery.
  7923 | D:11     | Bought a potion of curing for 51 gold pieces
  7923 | D:11     | Bought a potion of curing for 51 gold pieces
  7923 | D:11     | Bought a potion of heal wounds for 85 gold pieces
  7923 | D:11     | Bought a potion of mutation for 136 gold pieces
  7923 | D:11     | Bought a potion of might for 68 gold pieces
  7923 | D:11     | Bought a potion of agility for 68 gold pieces
  7923 | D:11     | Bought a potion of might for 68 gold pieces
  7955 | D:11     | Reached XP level 11. HP: 71/106 MP: 10/10
  8108 | D:11     | Noticed Erolcha
  8117 | D:11     | Killed Erolcha
  8117 | D:11     | Reached skill level 1 in Invocations
  8117 | D:11     | Reached skill level 1 in Evocations
  8333 | D:11     | Found Aragy's Jewellery Emporium.
  8363 | D:11     | Noticed a cyan ugly thing
  8371 | D:11     | Killed a cyan ugly thing
  8408 | D:11     | Found Vuwo's Book Boutique.
  8410 | D:11     | Found Huaqoze's General Store.
  8553 | D:12     | Noticed Rupert
  8861 | Lair:1   | Entered Level 1 of the Lair of Beasts
  9707 | Lair:1   | Found a shimmering altar of Xom.
  9878 | Lair:2   | Found a frozen archway.
  9888 | Lair:2   | Mangled by an ice devil

Levels and vault maps discovered:
D:1:      lightli_arrival_isolated_outpost, layout_rooms
D:2:      layout_rooms, nicolae_qazlal_eye_of_the_storm
D:3:      layout_rooms, gammafunk_temple_overflow_arena,
          okawaru_metal_pillars_1_2, first_ration
D:4:      layout_loops_ring, minmay_temple_entry_statues_fountains,
          lemuel_flame_loot_1
D:5:      layout_loops_ring, makhleb_heckhound_becter, lemuel_crystal_altar,
          marbit_many_paths
D:6:      layout_loops_ring, lemuel_crystal_altar, zin_treasury
D:7:      layout_rooms, minmay_misc_feat_square, the_bakery,
          kennysheep_generic_room_8, uniq_pikel
D:8:      minmay_the_grid_octo_tiled_squarecenter
          [minmay_the_grid_octo_clover_2, minmay_the_grid_octo_pinwheel,
          minmay_the_grid_octo_fan_narrow, minmay_the_grid_octo_toaster,
          minmay_the_grid_square_5x5_megaprize_checkered,
          minmay_the_grid_square_5x5_corner,
          minmay_the_grid_square_5x5_checkered_sparse,
          minmay_the_grid_square_5x5_half_checkered,
          minmay_the_grid_square_5x5_six], layout_rooms,
          lemuel_coloured_pillars_altar
D:9:      layout_big_octagon, lemuel_crystal_altar, serial_undead,
          serial_undead_e, serial_undead_b, serial_undead_e, serial_undead_e,
          basic_altar, nicolae_tso_besieged_by_evil, uniq_psyche,
          uniq_prince_ribbit1
D:10:     minmay_spotlight, layout_gridville, lair_entry_dummy, serial_shops,
          nicolae_shop_trees
D:11:     layout_roguey, serial_shops, nicolae_shop_behind_doors,
          nicolae_shop_trees, nicolae_shop_crystal, shop, uniq_erolcha
D:12:     layout_roguey, david_orc_3, gammafunk_ghost_wrathful_warriors,
          uniq_rupert
Temple:   nicolae_temple_no_exploring_needed
Lair:1:   layout_cave_pods, kb_xom_exploding_sheep
Lair:2:   layout_chaotic_city, guppyfry_snake_entry_island,
          portal_ice_cave_demonic_guard, grunt_megastairs_2

Skill      XL: |  1  2  3  4  5  6  7  8  9 10 11 |
---------------+----------------------------------+-----
Fighting       | 2 3 4 5 6 7 9 |  9.8
Throwing       | 2 3 |  3.9
Axes           | 4 5 6 8 9 11 | 11.9
Dodging        | 4 5 6 7 8 |  8.3
Armour         | 3 4 6 |  6.2
Invocations    | 4 |  4.2
Evocations     | 4 |  4.2

Action                   |  1- 3 |  4- 6 |  7- 9 | 10-12 || total
-------------------------+-------+-------+-------+-------++-------
Melee: War axe           |   129 |   119 |   332 |   285 ||   865
Throw: Throwing net      |       |     2 |     2 |       ||     4
       Javelin           |       |       |    22 |    19 ||    41
       Dart              |       |       |     3 |     1 ||     4
Invok: Minor Destruction |       |       |     2 |       ||     2
       Lesser Servant of |       |       |       |     1 ||     1
 Abil: Heal Wounds       |       |       |     2 |     1 ||     3
Evoke: Wand              |       |     1 |    21 |    13 ||    35
  Use: Scroll            |     9 |     3 |    11 |    13 ||    36
       Potion            |     3 |     3 |    14 |     9 ||    29
 Stab: Sleeping          |     1 |       |       |       ||     1
       Held in net/web   |       |     2 |       |       ||     2
  Eat: Chunk             |       |     3 |    12 |     8 ||    23
       Ration            |       |       |     2 |       ||     2
Armor: Leather armour    |    59 |    41 |   102 |       ||   202
       Skin              |       |       |    17 |       ||    17
       Ring mail         |       |       |    15 |    97 ||   112
Dodge: Dodged            |   148 |   118 |   229 |   244 ||   739
